Map: Eastwatch LE

Players

mhaley

  • Race: Protoss Protoss
  • League: Gold
  • Spawn Location: 1:00

shocktroops - Winner!

  • Race: Protoss Protoss
  • League: Platinum
  • Spawn Location: 7:00

VOD

Have the link to the VOD?

Description

Time

  • Played on: April 9, 2018, 10:52 p.m.
  • Length: 9:33
Show
View Real Time Build Order
Export as new Build Order

mhaley Protoss 

Build Orders: Oracle Opening 

Get SALT Encoding   

  12  0:01  Probe  
  13  0:13  Probe  
  14  0:19  Pylon  
  14  0:25  Probe  
  15  0:35  Assimilator  
  15  0:49  Probe (Chrono Boost)  
  16  0:50  Gateway  
  16  0:58  Probe (Chrono Boost)  
  16  1:03  Probe (Chrono Boost)  
  17  1:07  Assimilator  
  18  1:15  Probe  
  19  1:27  Probe (Chrono Boost)  
  20  1:32  Pylon  
  20  1:39  Probe (Chrono Boost)  
  21  1:46  Cybernetics Core, Probe (Chrono Boost)  
  22  1:53  Probe  
  22  1:54  Gateway  
  23  2:05  Probe  
  24  2:18  Probe  
  25  2:27  Stargate  
  25  2:28  Stalker  
  28  2:38  Nexus  
  27  3:03  Shield Battery  
  27  3:07  Oracle (Chrono Boost)  
  27  3:09  Probe  
  31  3:31  Pylon  
  31  3:43  Pylon  
  31  3:49  Oracle, Stalker  
  31  3:54  Shield Battery  
  36  3:59  Probe (Chrono Boost)  
  37  4:09  Probe (Chrono Boost)  
  38  4:12  Warp Gate (Chrono Boost)  
  38  4:13  Probe (Chrono Boost)  
  39  4:25  Stalker, Probe  
  42  4:36  Forge  
  42  4:37  Probe  
  43  4:49  Probe  
  44  5:01  Probe  
  45  5:13  Probe  
  46  5:15  Protoss Ground Weapons Level 1 (Chrono Boost)  
  46  5:25  Probe  
  46  5:26  Phoenix (Chrono Boost)  
  49  5:38  Probe  
  49  5:39  Shield Battery  
  49  5:42  Phoenix (Chrono Boost), Photon Cannon  
  50  5:45  Assimilator  
  52  5:50  Probe  
  53  6:02  Probe  
  53  6:03  Gateway  
  54  6:04  Gateway  
  54  6:14  Probe  
  55  6:26  Probe  
  53  6:45  Zealot  
  41  6:58  Pylon  
  31  7:17  Pylon  
  24  7:40  Pylon  
  24  7:43  Nexus  
  14  8:00  Photon Cannon x2  
  14  8:02  Shield Battery  
  14  8:05  Pylon  
  14  8:24  Shield Battery  
  14  8:37  Shield Battery  
  14  8:43  Pylon  
  14  8:46  Pylon  
  13  9:12  Twilight Council  
Show
View Real Time Build Order
Export as new Build Order

shocktroops Protoss - Winner!

Build Orders:  

Get SALT Encoding   

  12  0:10  Pylon  
  12  0:16  Probe  
  13  0:29  Gateway  
  13  0:32  Probe  
  14  0:44  Probe  
  14  0:49  Assimilator  
  15  0:54  Assimilator  
  15  0:57  Probe  
  16  1:09  Probe  
  17  1:19  Cybernetics Core  
  17  1:21  Probe  
  17  1:23  Pylon  
  18  1:33  Probe  
  19  1:45  Probe  
  20  1:57  Stalker, Probe  
  20  2:00  Warp Gate  
  23  2:13  Stargate  
  23  2:14  Probe  
  24  2:26  Probe  
  25  2:38  Probe  
  26  2:51  Probe  
  27  3:02  Robotics Facility  
  27  3:05  Gateway  
  27  3:07  Gateway  
  27  3:09  Void Ray  
  31  3:24  Pylon  
  31  3:42  Probe  
  31  3:43  Pylon  
  32  3:49  Immortal  
  32  3:54  Pylon, Probe  
  35  4:27  Immortal (Chrono Boost)  
  39  4:32  Stalker x2  
  39  4:34  Stalker  
  45  4:39  Probe  
  46  4:58  Immortal  
  46  5:23  Stalker  
  46  6:11  Stalker  
  46  6:12  Stalker  
  46  6:13  Stalker  
  52  7:17  Nexus  
  52  8:26  Pylon  
  52  8:29  Pylon, Immortal  
  54  9:03  Probe (Chrono Boost)  
  54  9:04  Probe (Chrono Boost)  
  56  9:14  Probe x2 (Chrono Boost)  
  58  9:19  Stargate, Probe x2 (Chrono Boost)  
  62  9:31  Gateway x2  
  62  9:32  Gateway  
Tags
 
Matchup
PvP
Spawn Locations
Cross Positions
Add a new tag
Caveats
  • Supply blocks, unpowered buildings, or Contaminate may cause inaccurate times.
  • Supply counts are checked every 10 seconds.